 Dungeon Crawl Stone Soup version 0.27.0-1-g7a089689b8 (webtiles) character file.

Game seed: 15137975236768048164

3738 fiver49 the Slicer (level 9, -8/67 HPs)
             Began as a Vampire Hunter on Aug 3, 2021.
             Was a Priest of Dithmenos.
             Splashed by an acid dragon's acid (16 damage)
             ... on level 8 of the Dungeon.
             The game lasted 00:21:40 (8698 turns).

fiver49 the Slicer (Vampire Hunter)                 Turns: 8698, Time: 00:21:41

Health: -8/67      AC:  0    Str: 14    XL:     9   Next: 93%
Magic:  9/9        EV: 11    Int: 13    God:    Dithmenos [***...]
Gold:   234        SH:  7    Dex: 15    Spells: 8/8 levels left

rFire    . . .     SeeInvis +   b - +0 short sword (vamp)
rCold    . . .     Faith    .   C - +2 buckler
rNeg     . . .     Spirit   .   k - +4 scale mail
rPois    +         Reflect  .   (no helmet)
rElec    .         Harm     .   e - +0 cloak
rCorr    .         Rampage  .   o - +0 pair of gloves
Will     .....                  (no boots)
Stlth    +.........             (no amulet)
HPRegen  0.41/turn              h - ring of poison resistance
MPRegen  0.11/turn              (no ring)

@: corroded, healing quickly, wreathed by umbra
A: alive, fangs 3, see invisible, vampiric 2
a: Exsanguinate, Renounce Religion, Shadow Step


You were on level 8 of the Dungeon.
You worshipped Dithmenos.
Dithmenos was most pleased with you.
You visited 2 branches of the dungeon, and saw 9 of its levels.
You also visited: Ossuary.

You collected 378 gold pieces.
You spent 144 gold pieces at shops.

Inventory:

Hand Weapons
 a - a +0 short sword of venom
 b - a +0 vampiric short sword (weapon)
 j - a +2 vampiric dagger
 A - a +0 long sword
 K - a +2 long sword
Missiles
 c - 20 javelins
 d - 2 throwing nets
 s - 35 poisoned darts (quivered)
 I - a curare-tipped dart
Armour
 e - a +0 cloak (worn)
 k - a +4 scale mail (worn)
 o - a +0 pair of gloves (worn)
 p - a +0 leather armour
 C - a +2 buckler (worn)
 M - +0 acid dragon scales
Jewellery
 h - a ring of poison resistance (left hand)
Wands
 G - a wand of paralysis (10)
 L - a wand of charming (6)
 O - a wand of flame (20)
Scrolls
 g - 2 scrolls of brand weapon {unknown}
 l - 4 scrolls of teleportation {unknown}
 m - 6 scrolls of noise
 u - 2 scrolls of vulnerability
 v - a scroll of blinking {unknown}
 x - 4 scrolls of summoning
 B - a scroll of fog {unknown}
 D - a scroll of torment {unknown}
 F - a scroll of amnesia {unknown}
 N - a scroll of identify
 P - 2 scrolls of immolation {unknown}
 Q - a scroll of magic mapping {unknown}
Potions
 f - a potion of berserk rage {unknown}
 i - 2 potions of flight
 n - 3 potions of brilliance
 q - 4 potions of heal wounds
 r - 9 potions of curing
 w - 3 potions of lignification
 z - a potion of invisibility {unknown}
 E - a potion of cancellation {unknown}
 H - 2 potions of mutation {unknown}
 J - 2 potions of haste


   Skills:
 * Level 4.8 Fighting
 - Level 12.0 Short Blades
 - Level 3.2 Throwing
 + Level 2.6 Armour
 * Level 5.8 Dodging
 - Level 3.0 Stealth
 + Level 2.9 Shields


You had 8 spell levels left.
You didn't know any spells.
Your spell library contained the following spells:

 Spells                   Type           Power      Damage    Failure   Level
 Sandblast                Erth           0%         2d4       83%         1
 Passwall                 Tmut/Erth      0%         N/A       92%         2
 Gell's Gravitas          Tloc           0%         N/A       99%         3
 Lesser Beckoning         Tloc           0%         N/A       99%         3
 Teleport Other           Tloc           0%         N/A       99%         3
 Lee's Rapid Deconstruct  Erth           0%         3d5*      100%        5


Dungeon Overview and Level Annotations

Branches:
Dungeon (8/15)             Temple (1/1) D:4         Ossuary (visited)
   Lair: D:8-11

Altars:
Dithmenos
Gozag
Kikubaaqudgha
Nemelex Xobeh
Okawaru
Qazlal
Sif Muna
Trog
Vehumet
Wu Jian
Xom
Zin
The Shining One

Shops:
D:5 !


Innate Abilities, Weirdness & Mutations

Your natural rate of healing is accelerated.
You have razor-sharp teeth.
You have supernaturally acute eyesight. (SInv)
You are afflicted with vampirism and can become a bat while bloodless.


Message History

The acid dragon claws you but does no damage.
You hit the acid dragon.
The acid dragon is heavily wounded.
The acid dragon spits acid at you. The splash of acid hits you!
The acid corrodes you!
You are splashed with acid!
You hit the acid dragon but do no damage.
You bite the acid dragon, but do no damage.
The acid dragon is heavily wounded.
You hit the acid dragon but do no damage.
The acid dragon is heavily wounded.
The acid dragon barely misses you.
The acid dragon claws you but does no damage.
You hit the acid dragon but do no damage.
The acid dragon is severely wounded.
You closely miss the acid dragon.
The acid dragon is severely wounded.
The acid dragon closely misses you. You block the acid dragon's attack.
Your +0 short sword of venom stops dripping with poison.
You feel a bloodthirsty glee!
b - a +0 vampiric short sword (weapon)
You closely miss the acid dragon.
The acid dragon is severely wounded.
The acid dragon spits acid at you. The splash of acid hits you!
The acid corrodes you!
You are splashed with acid!
* * * LOW HITPOINT WARNING * * *
You hit the acid dragon but do no damage.
Your bite misses the acid dragon.
The acid dragon is severely wounded.
You hit the acid dragon but do no damage.
The acid dragon is severely wounded.
The acid dragon spits acid at you. The splash of acid hits you.
* * * LOW HITPOINT WARNING * * *
The acid corrodes you!
You are splashed with acid!
You die...

### ### #.#########@#
#.........#D# #.#######.#(#
#.#.....#..(# #.....#....(#
######### ###.#.#...#(#
#.......D
#.#.#.#.#(########.#######
#.#.#.#.#(()....D..# ###
########.#.#.#.############
#..


You could see an acid dragon (very poisoned, catching breath).

Vanquished Creatures
  Prince Ribbit (D:8)
  3 slime creatures (D:6)
  An acid dragon (D:8)
  A water moccasin (D:6)
  A black bear (D:6)
  3 ice beasts
  2 sky beasts
  An ogre (D:5)
  2 centaurs (D:6)
  A phantom (D:6)
  6 kobold brigands
  A bullfrog (D:7)
  2 scorpions
  A wyvern skeleton (D:7)
  A water moccasin skeleton (D:6)
  3 wights
  A bullfrog zombie (D:7)
  3 human zombies (Ossuary)
  A hound (D:5)
  8 jellies
  A gnoll shaman (D:8)
  3 orc priests
  A centaur skeleton (D:6)
  6 iguanas
  3 orc wizards
  A killer bee zombie (D:7)
  2 mummies (Ossuary)
  A howler monkey zombie (D:8)
  5 gnolls
  6 adders
  2 shadow imps (D:7)
  2 adder skeletons (D:4)
  2 adder zombies (Ossuary)
  A worm (D:2)
  A dart slug (D:1)
  16 orcs
  4 bats (D:1)
  15 endoplasms
  4 giant cockroaches
  4 goblins
  8 hobgoblins
  4 jackals (D:3)
  23 kobolds
  2 quokkas (D:1)
  6 ball pythons
  3 frilled lizards
  10 hobgoblin zombies (Ossuary)
  3 jackal zombies (Ossuary)
  8 kobold zombies (Ossuary)
  9 orc zombies (Ossuary)
  3 rats
202 creatures vanquished.

Vanquished Creatures (others)
  8 fungi (D:6)
  8 toadstools (D:6)
16 creatures vanquished.

Grand Total: 218 creatures vanquished

Notes
Turn   | Place    | Note
-------+----------+-------------------------------------------
     0 | D:1      | fiver49 the Vampire Hunter began the quest for the Orb.
     0 | D:1      | Reached XP level 1. HP: 16/16 MP: 1/1
   103 | D:1      | Reached skill level 1 in Short Blades
   151 | D:1      | Reached XP level 2. HP: 21/22 MP: 2/2
   155 | D:1      | Reached skill level 2 in Short Blades
   848 | D:2      | Reached skill level 3 in Short Blades
   848 | D:2      | Gained mutation: You are afflicted with vampirism and can
                  | become a bat while bloodless. [Vampire growth]
   848 | D:2      | Reached XP level 3. HP: 27/27 MP: 3/3
   882 | D:2      | Found a faded altar of an unknown god.
  1417 | D:3      | Reached skill level 4 in Short Blades
  1451 | D:3      | Reached XP level 4. HP: 30/33 MP: 4/4
  1677 | D:3      | Reached skill level 5 in Short Blades
  1677 | D:3      | Reached XP level 5. HP: 38/38 MP: 5/5
  2210 | D:4      | Reached skill level 6 in Short Blades
  2275 | D:4      | Found a staircase to the Ecumenical Temple.
  2284 | D:4      | Reached XP level 6. HP: 44/44 MP: 6/6
  2310 | Temple   | Entered the Ecumenical Temple
  2327 | Temple   | Became a worshipper of Dithmenos the Shadowed
  3171 | D:5      | Entered Level 5 of the Dungeon
  3188 | D:5      | Noticed an ice beast
  3318 | D:5      | Reached skill level 7 in Short Blades
  3402 | D:5      | Found a sand-covered staircase.
  3407 | Ossuary  | Entered an ossuary
  3680 | Ossuary  | Reached * piety under Dithmenos
  3790 | Ossuary  | Reached skill level 8 in Short Blades
  3810 | Ossuary  | Reached XP level 7. HP: 6/49 MP: 7/7
  4031 | D:5      | Found Tiniroag's Distillery.
  4040 | D:5      | Bought a potion of curing for 36 gold pieces
  4040 | D:5      | Bought a potion of curing for 36 gold pieces
  4040 | D:5      | Bought 2 potions of curing for 72 gold pieces
  4235 | D:5      | Reached skill level 9 in Short Blades
  4454 | D:5      | Found an iron altar of Okawaru.
  4949 | D:6      | Found a sparkling altar of Nemelex Xobeh.
  4949 | D:6      | Found a shimmering blue altar of Sif Muna.
  4961 | D:5      | Reached skill level 10 in Short Blades
  4961 | D:5      | Reached XP level 8. HP: 46/55 MP: 8/8
  5272 | D:6      | Reached skill level 11 in Short Blades
  5572 | D:6      | Reached ** piety under Dithmenos
  5573 | D:6      | Reached skill level 12 in Short Blades
  5825 | D:6      | Reached XP level 9. HP: 53/61 MP: 9/9
  5843 | D:6      | Reached skill level 1 in Shields
  5851 | D:6      | Reached skill level 1 in Armour
  6898 | D:5      | Reached skill level 5 in Dodging
  7772 | D:8      | Reached *** piety under Dithmenos
  8193 | D:8      | Noticed Prince Ribbit
  8201 | D:8      | Killed Prince Ribbit
  8698 | D:8      | Splashed by an acid dragon's acid

Illustrated notes

Levels and vault maps discovered:
D:1:      wander_arrival_chamber, layout_basic
D:2:      layout_rooms, basic_ecumenical_altar
D:3:      layout_loops_ring
D:4:      layout_basic, minmay_temple_entry_stoned_glass
D:5:      layout_basic, okawaru_altar_gauntlet_db, serial_shops,
          nicolae_shop_stone, enter_ossuary_5, ebering_dispersal_statue_hall,
          kennysheep_big_empty_room
D:6:      cheibrodos_fertilizer, layout_cave_pools, grunt_temple_overflow_open,
          kennysheep_little_box
D:7:      layout_cave_pools
D:8:      layout_basic, due_unseen_surprise, uniq_prince_ribbit1
Temple:   jpeg_temple_island

Skill      XL: |  1  2  3  4  5  6  7  8  9 |
---------------+----------------------------+-----
Short Blades   | 1 3 4 5 6 8 10 12 | 12.0
Fighting       | 2 4 |  4.8
Stealth        | 2 3 |  3.0
Dodging        | 5 |  5.8
Shields        | 2 |  2.9
Armour         | 2 |  2.6
Throwing       | |  3.2

Action                   |  1- 3 |  4- 6 |  7- 9 || total
-------------------------+-------+-------+-------++-------
Melee: Short sword       |    69 |   229 |   565 ||   863
       Bite              |    11 |    43 |    89 ||   143
       Dagger            |    50 |   110 |       ||   160
Throw: Javelin           |    14 |    17 |    22 ||    53
       Dart              |       |     5 |   129 ||   134
  Use: Scroll            |       |       |     8 ||     8
 Stab: Sleeping          |     3 |       |       ||     3
Armor: Leather armour    |    24 |       |       ||    24
       Scale mail        |     9 |   148 |   158 ||   315
Dodge: Dodged            |    70 |   118 |   150 ||   338
Block: Buckler           |       |       |    91 ||    91
